A- EAST
DOWN EAST WOOD DUCKS @ MYRTLE BEACH PELICANS
05/04/2042
 
TOP OF THE 1ST
Down East Wood Ducks batting - Pitching for Myrtle Beach Pelicans : RHP Gary Reinhart
Pitching: RHP Gary Reinhart
Batting: RHB Steve Boyd 0-0: Foul Ball, location: 2F
0-1: Bunt for hit to 3S - play at first, batter OUT! 3-4
Batting: RHB Jorge Colón 0-0: Foul Ball, location: 2F
0-1: Foul Ball, location: 5SF
0-2: Foul Ball, location: 3SF
0-2: Strikes out looking
Batting: RHB Tim Jones 0-0: Ball
1-0: Ground out 3-1 (Groundball, 34S, EV 88.8 MPH)
Top of the 1st over - 0 runs, 0 hits, 0 errors, 0 left on base; Down East 0 - Myrtle Beach 0
BOTTOM OF THE 1ST
Myrtle Beach Pelicans batting - Pitching for Down East Wood Ducks : LHP Ethan Henley
Pitching: LHP Ethan Henley
Batting: LHB Chris MacGruder 0-0: Ball
1-0: Fly out, F5 (Popup, 5S, EV 84.4 MPH)
Batting: RHB Alfredo Mercado 0-0: Called Strike
0-1: Ball
1-1: Ball
2-1: Swinging Strike
2-2: Strikes out swinging
Batting: RHB Ernesto Salas 0-0: Called Strike
0-1: Foul Ball, location: 2F
0-2: Ball
1-2: Ball
2-2: Foul Ball, location: 9LSF
2-2: Ball
3-2: Strikes out swinging
Bottom of the 1st over - 0 runs, 0 hits, 0 errors, 0 left on base; Down East 0 - Myrtle Beach 0
TOP OF THE 2ND
Down East Wood Ducks batting - Pitching for Myrtle Beach Pelicans : RHP Gary Reinhart
Batting: RHB Bob Barlow 0-0: Called Strike
0-1: Ball
1-1: Ball
2-1: DOUBLE (Line Drive, 89M, EV 111.3 MPH)
Batting: LHB Jonathan Morgan 0-0: Ball
1-0: Ball
2-0: Foul Ball, location: 7LDF
2-1: Swinging Strike
2-2: Ball
3-2: Fly out, F7 (Flyball, 7S, EV 76.9 MPH)
Batting: RHB Jim Unknown 0-0: Called Strike
0-1: Ball
1-1: Swinging Strike
1-2: Foul Ball, location: 23F
1-2: Strikes out swinging
Batting: RHB Pepe Colón 0-0: Swinging Strike
0-1: Ball
1-1: Swinging Strike
1-2: Foul Ball, location: 3SF
1-2: Ball
2-2: Foul Ball, location: 3F
2-2: Strikes out looking
Top of the 2nd over - 0 runs, 1 hit, 0 errors, 1 left on base; Down East 0 - Myrtle Beach 0
BOTTOM OF THE 2ND
Myrtle Beach Pelicans batting - Pitching for Down East Wood Ducks : LHP Ethan Henley
Batting: LHB Shawn Greene 0-0: Called Strike
0-1: Called Strike
0-2: Foul Ball, location: 23F
0-2: Strikes out swinging
Batting: RHB Juan Molina 0-0: Ball
1-0: Ball
2-0: Called Strike
2-1: Fly out, F7 (Flyball, 7, EV 81.9 MPH)
Batting: SHB Robinson Castillo 0-0: Ball
1-0: Called Strike
1-1: Fly out, F9 (Flyball, 89M, EV 76.9 MPH)
Bottom of the 2nd over - 0 runs, 0 hits, 0 errors, 0 left on base; Down East 0 - Myrtle Beach 0
TOP OF THE 3RD
Down East Wood Ducks batting - Pitching for Myrtle Beach Pelicans : RHP Gary Reinhart
Batting: LHB Ethan Henley 0-0: Fly out, F9 (Flyball, 9D, EV 96.9 MPH)
Batting: SHB Jim Unknown 0-0: Fly out, F7 (Flyball, 78S, EV 86.3 MPH)
Batting: RHB Steve Boyd 0-0: Ball
1-0: Ground out 6-3 (Groundball, 6, EV 110.0 MPH)
Top of the 3rd over - 0 runs, 0 hits, 0 errors, 0 left on base; Down East 0 - Myrtle Beach 0
BOTTOM OF THE 3RD
Myrtle Beach Pelicans batting - Pitching for Down East Wood Ducks : LHP Ethan Henley
Batting: RHB Esteban Garza 0-0: Called Strike
0-1: Swinging Strike
0-2: Foul Ball, location: 9LMF
0-2: Ball
1-2: Ball
2-2: Strikes out looking
Batting: RHB Gil Parker 0-0: Called Strike
0-1: Ball
1-1: Foul Ball, location: 9LDF
1-2: Ball
2-2: Ball
3-2: Base on Balls
Batting: RHB Pepe Ramírez 0-0: Fly out, F8 (Flyball, 78M, EV 96.3 MPH)
Batting: LHB Chris MacGruder 0-0: Called Strike
0-1: SINGLE (Line Drive, 5D, EV 109.4 MPH)
Gil Parker to second
Batting: RHB Alfredo Mercado 0-0: Called Strike
0-1: Called Strike
0-2: Ball
1-2: Strikes out swinging
Bottom of the 3rd over - 0 runs, 1 hit, 0 errors, 2 left on base; Down East 0 - Myrtle Beach 0
TOP OF THE 4TH
Down East Wood Ducks batting - Pitching for Myrtle Beach Pelicans : RHP Gary Reinhart
Batting: RHB Jorge Colón 0-0: Called Strike
0-1: Ball
1-1: Called Strike
1-2: Ball
2-2: Ball
3-2: Foul Ball, location: 2F
3-2: Ground out 6-3 (Groundball, 6, EV 108.1 MPH)
Batting: RHB Tim Jones 0-0: SINGLE (Line Drive, 6MD, EV 108.1 MPH)
Batting: RHB Bob Barlow 0-0: Foul Ball, location: 9LSF
0-1: Ball
1-1: Swinging Strike
1-2: Foul Ball, location: 5F
1-2: Ball
2-2: Ball
3-2: Base on Balls
Tim Jones to second
Batting: LHB Jonathan Morgan 0-0: Ball
1-0: Called Strike
1-1: Fly out, F8 (Flyball, 89D, EV 93.8 MPH)
Batting: RHB Jim Unknown 0-0: Foul Ball, location: 2F
0-1: Swinging Strike
0-2: Fielders Choice at 2nd, 6-4 (Groundball, 6, EV 81.9 MPH)
Top of the 4th over - 0 runs, 1 hit, 0 errors, 2 left on base; Down East 0 - Myrtle Beach 0
BOTTOM OF THE 4TH
Myrtle Beach Pelicans batting - Pitching for Down East Wood Ducks : LHP Ethan Henley
Batting: RHB Ernesto Salas 0-0: Called Strike
0-1: Ground out 6-3 (Groundball, 56, EV 94.4 MPH)
Batting: LHB Shawn Greene 0-0: SINGLE (Groundball, 4MD, EV 107.5 MPH)
Batting: RHB Juan Molina 0-0: Ball
1-0: Ball
2-0: Swinging Strike
2-1: Foul Ball, location: 9LDF
2-2: Ball
Wild Pitch!
Shawn Greene to second
3-2: Ground out 4-3 (Groundball, 34D, EV 98.8 MPH)
Shawn Greene to third
Batting: SHB Robinson Castillo 0-0: Ground out 6-3 (Groundball, 6, EV 86.3 MPH)
Bottom of the 4th over - 0 runs, 1 hit, 0 errors, 1 left on base; Down East 0 - Myrtle Beach 0
TOP OF THE 5TH
Down East Wood Ducks batting - Pitching for Myrtle Beach Pelicans : RHP Gary Reinhart
Batting: RHB Pepe Colón 0-0: Foul Ball, location: 3DF
0-1: Foul Ball, location: 2F
0-2: Strikes out looking
Batting: LHB Ethan Henley 0-0: Ball
1-0: Foul Ball, location: 2F
1-1: Ground out U3 (Groundball, 34S, EV 86.3 MPH)
Batting: SHB Jim Unknown 0-0: Ball
1-0: Ball
2-0: Ball
3-0: Base on Balls
Batting: RHB Steve Boyd 0-0: Called Strike
0-1: Called Strike
0-2: Ball
1-2: Foul Ball, location: 2F
1-2: Foul Ball, location: 9LSF
1-2: Strikes out swinging
Top of the 5th over - 0 runs, 0 hits, 0 errors, 1 left on base; Down East 0 - Myrtle Beach 0
BOTTOM OF THE 5TH
Myrtle Beach Pelicans batting - Pitching for Down East Wood Ducks : LHP Ethan Henley
Batting: RHB Esteban Garza 0-0: Foul Ball, location: 2F
0-1: Fly out, F7 (Flyball, 7D, EV 105.0 MPH)
Batting: RHB Gil Parker 0-0: Ball
1-0: Ball
2-0: Foul Ball, location: 9LDF
2-1: Ball
3-1: Foul Ball, location: 2F
3-2: Strikes out swinging
Batting: RHB Pepe Ramírez 0-0: Ball
1-0: Ball
2-0: Fly out, F8 (Flyball, 8RD, EV 85.6 MPH)
Bottom of the 5th over - 0 runs, 0 hits, 0 errors, 0 left on base; Down East 0 - Myrtle Beach 0
TOP OF THE 6TH
Down East Wood Ducks batting - Pitching for Myrtle Beach Pelicans : RHP Gary Reinhart
Batting: RHB Jorge Colón 0-0: SINGLE (Line Drive, 4MD, EV 97.5 MPH)
Batting: RHB Tim Jones 0-0: Hit by Pitch
Jorge Colón to second
Batting: RHB Bob Barlow 0-0: Called Strike
0-1: Ball
1-1: Foul Ball, location: 9LMF
1-2: Fly out, F9 (Flyball, 9D, EV 91.9 MPH)
Runner from 2nd tags up, SAFE at 3rd, no throw by RF
Batting: LHB Jonathan Morgan 0-0: Ball
1-0: Ball
2-0: Called Strike
2-1: SINGLE (Line Drive, 7S, EV 106.3 MPH)
Jorge Colón scores
Tim Jones to second
Batting: RHB Jim Unknown 0-0: Called Strike
0-1: Called Strike
0-2: Ball
1-2: Ball
2-2: TRIPLE (Flyball, 9LD, EV 98.1 MPH)
Tim Jones scores
Jonathan Morgan scores
Pitching: RHP Orlando Álvarez
Batting: RHB Pepe Colón 0-0: Foul Ball, location: 2F
0-1: Called Strike
0-2: Ball
1-2: Foul Ball, location: 2F
1-2: Foul Ball, location: 2F
1-2: Ball
2-2: Ball
3-2: Strikes out swinging
Batting: LHB Ethan Henley 0-0: Called Strike
0-1: Ball
1-1: Foul Ball, location: 7LSFF
1-2: Ball
2-2: DOUBLE (Line Drive, 78XD, EV 101.3 MPH)
Jim Unknown scores
Batting: SHB Jim Unknown 0-0: SINGLE (Groundball, 56D, EV 103.1 MPH)
Ethan Henley to third
Runner from 3rd tries for Home, throw by LF and OUT! 7-2
Top of the 6th over - 4 runs, 5 hits, 0 errors, 1 left on base; Down East 4 - Myrtle Beach 0
BOTTOM OF THE 6TH
Myrtle Beach Pelicans batting - Pitching for Down East Wood Ducks : LHP Ethan Henley
Batting: LHB Chris MacGruder 0-0: Ball
1-0: Foul Ball, location: 2F
1-1: Swinging Strike
1-2: Ball
2-2: SINGLE (Groundball, 34D, EV 95.0 MPH)
Batting: RHB Alfredo Mercado 0-0: Ball
1-0: Foul Ball, location: 2F
1-1: Grounds into double play, 6-4-3 (Groundball, 6, EV 105.0 MPH)
Batting: RHB Ernesto Salas 0-0: Ball
1-0: Called Strike
1-1: Ball
2-1: Ball
3-1: Fly out, F7 (Flyball, 7S, EV 85.0 MPH)
Bottom of the 6th over - 0 runs, 1 hit, 0 errors, 0 left on base; Down East 4 - Myrtle Beach 0
TOP OF THE 7TH
Down East Wood Ducks batting - Pitching for Myrtle Beach Pelicans : RHP Orlando Álvarez
Batting: RHB Steve Boyd 0-0: Swinging Strike
0-1: Foul Ball, location: 9LMFF
0-2: Foul Ball, location: 2LF
0-2: Foul Ball, location: 5SF
0-2: Ball
1-2: Ground out U3 (Groundball, 34, EV 91.3 MPH)
Batting: RHB Jorge Colón 0-0: Ball
1-0: Called Strike
1-1: Called Strike
1-2: Foul Ball, location: 5SF
1-2: Strikes out swinging
Batting: RHB Tim Jones 0-0: Called Strike
0-1: Ball
1-1: Ground out 6-3 (Groundball, 6, EV 81.9 MPH)
Top of the 7th over - 0 runs, 0 hits, 0 errors, 0 left on base; Down East 4 - Myrtle Beach 0
BOTTOM OF THE 7TH
Myrtle Beach Pelicans batting - Pitching for Down East Wood Ducks : LHP Ethan Henley
Batting: LHB Shawn Greene 0-0: Foul Ball, location: 7LSF
0-1: Ball
1-1: Ball
2-1: Ball
3-1: Swinging Strike
3-2: Foul Ball, location: 2F
3-2: Foul Ball, location: 23F
3-2: Ground out 5-3 (Groundball, 5S, EV 85.6 MPH)
Pitching: RHP Jim Unknown
Pinch Hitting: SHB Joe James 0-0: Fly out, F9 (Flyball, 89S, EV 83.1 MPH)
Batting: SHB Robinson Castillo 0-0: Ball
1-0: Ground out 3-1 (Groundball, 34, EV 88.1 MPH)
Bottom of the 7th over - 0 runs, 0 hits, 0 errors, 0 left on base; Down East 4 - Myrtle Beach 0
TOP OF THE 8TH
Down East Wood Ducks batting - Pitching for Myrtle Beach Pelicans : RHP Orlando Álvarez
Now at SS: Joe James
Batting: RHB Bob Barlow 0-0: Foul Ball, location: 9LMF
0-1: Ground out 6-3 (Groundball, 6S, EV 87.5 MPH)
Batting: LHB Jonathan Morgan 0-0: Ball
1-0: Ball
2-0: Ball
3-0: Called Strike
3-1: Foul Ball, location: 9LSF
3-2: SINGLE (Groundball, 34D, EV 105.6 MPH)
Batting: RHB Jim Unknown 0-0: Called Strike
0-1: Ball
1-1: Swinging Strike
1-2: Strikes out swinging
Batting: RHB Pepe Colón 0-0: Ball
1-0: Ball
2-0: Foul Ball, location: 9LDF
2-1: Swinging Strike
2-2: Strikes out swinging
Top of the 8th over - 0 runs, 1 hit, 0 errors, 1 left on base; Down East 4 - Myrtle Beach 0
BOTTOM OF THE 8TH
Myrtle Beach Pelicans batting - Pitching for Down East Wood Ducks : RHP Jim Unknown
Pinch Hitting: LHB Darryl Becker 0-0: SINGLE (Groundball, 56D, EV 101.3 MPH)
Batting: RHB Gil Parker 0-0: Ball
1-0: Called Strike
1-1: Swinging Strike
1-2: Foul Ball, location: 9LMF
1-2: Fly out, F9 (Line Drive, 9, EV 96.3 MPH)
Pinch Hitting: RHB Chet Graves 0-0: Ball
1-0: Ball
2-0: Swinging Strike
2-1: Foul Ball, location: 2F
2-2: Strikes out swinging
Batting: LHB Chris MacGruder 0-0: Swinging Strike
0-1: Fly out, F8 (Flyball, 8RM, EV 95.6 MPH)
Bottom of the 8th over - 0 runs, 1 hit, 0 errors, 1 left on base; Down East 4 - Myrtle Beach 0
TOP OF THE 9TH
Down East Wood Ducks batting - Pitching for Myrtle Beach Pelicans : RHP Orlando Álvarez
Pitching: LHP Joe Hartley
Now at 1B: Darryl Becker
Now at 2B: Alfredo Mercado
Now in LF: Chet Graves
Now in CF: Shawn Greene
Batting: LHB Ethan Henley 0-0: Called Strike
0-1: SINGLE (Groundball, 4MD, EV 103.1 MPH) (infield hit)
Pinch Hitting: RHB Chris Sherman 0-0: Ball
1-0: Called Strike
Ethan Henley steals 2nd base
1-1: Ball
2-1: Ground out 6-3 (Groundball, 6, EV 78.8 MPH)
Ethan Henley to third
Batting: RHB Steve Boyd 0-0: Called Strike
0-1: Ball
1-1: Foul Ball, location: 2F
1-2: Strikes out swinging
Batting: RHB Jorge Colón 0-0: Ball
1-0: Fly out, F9 (Flyball, 9LS, EV 86.3 MPH)
Top of the 9th over - 0 runs, 1 hit, 0 errors, 1 left on base; Down East 4 - Myrtle Beach 0
BOTTOM OF THE 9TH
Myrtle Beach Pelicans batting - Pitching for Down East Wood Ducks : RHP Jim Unknown
Now at C: Jim Unknown
Pinch Hitting: LHB Ernie Mann 0-0: Ball
1-0: Called Strike
1-1: Swinging Strike
1-2: Ball
2-2: Strikes out swinging, 2-3 out at first.
Pinch Hitting: LHB Gabriel Bostina 0-0: Ball
1-0: Hit by Pitch
Batting: LHB Shawn Greene 0-0: Fly out, F7 (Flyball, 7LS, EV 91.3 MPH)
Batting: SHB Joe James 0-0: Fly out, F6 (Flyball, 6MD, EV 88.8 MPH)
Bottom of the 9th over - 0 runs, 0 hits, 0 errors, 1 left on base; Down East 4 - Myrtle Beach 0
Wednesday, May 1st , 2024 - OOTP Baseball 24.10 Build 82